 Dungeon Crawl Stone Soup version 0.20-a0-1089-g3fde505 (webtiles) character file.

284 Alarkh the Chopper (level 6, 47/47 HPs)
             Began as a Demonspawn Berserker on May 3, 2017.
             Was a Believer of Trog.
             Got out of the dungeon alive.
             The game lasted 00:03:53 (2416 turns).

Alarkh the Chopper (Demonspawn Berserker)           Turns: 2416, Time: 00:03:54

Health: 47/47      AC:  4    Str: 17    XL:     6   Next: 7%
Magic:  6/6        EV: 12    Int: 11    God:    Trog [**....]
Gold:   134        SH:  4    Dex: 12    Spells: 5/5 levels left

rFire    . . .     SeeInvis .   a - +0 hand axe
rCold    . . .     Gourm    .   (no shield)
rNeg     . . .     Faith    .   b - +0 animal skin
rPois    .         Spirit   .   (helmet restricted)
rElec    .         Reflect  .   (no cloak)
rCorr    .         Harm     .   r - +0 pair of gloves
MR       .....                  i - +0 pair of boots
Stlth    +.........             (no amulet)
Regen    0.2/turn               (no ring)
MPRegen  0.1/turn               (no ring)

@: no status effects
A: antennae 1, large bone plates 1, powered by death 1
a: Berserk, Trog's Hand, Burn Spellbooks, Renounce Religion


You escaped.
You worshipped Trog.
Trog was pleased with you.
You were not hungry.

You visited 1 branch of the dungeon, and saw 3 of its levels.

You collected 134 gold pieces.

Inventory:

Hand Weapons
 a - a +0 hand axe (weapon)
Armour
 b - a +0 animal skin (worn)
 i - a +0 pair of boots (worn)
 q - a +1 helmet
 r - a +0 pair of gloves (worn)
Jewellery
 n - an uncursed ring of fire
Scrolls
 d - 2 scrolls of remove curse {unknown}
 e - 2 scrolls of teleportation
 h - a scroll of immolation {unknown}
 m - a scroll of fog {unknown}
 s - a scroll of enchant weapon {unknown}
 t - a scroll of magic mapping {unknown}
 u - 2 scrolls of identify {unknown}
 v - a scroll of amnesia {unknown}
Potions
 f - 2 potions of curing {unknown}
 g - a potion of haste {unknown}
 l - a potion of degeneration {unknown}
 o - a potion of flight {unknown}
 p - a potion of invisibility {unknown}
Comestibles
 c - 3 bread rations
 j - 2 fruits
 k - 2 chunks of flesh


   Skills:
 - Level 3.0 Fighting
 + Level 6.2 Axes
 - Level 1.7 Armour
 - Level 1.7 Dodging


You had 5 spell levels left.
You didn't know any spells.

Dungeon Overview and Level Annotations

Branches:
Dungeon (3/15)

Altars:


Innate Abilities, Weirdness & Mutations

You have a pair of small antennae on your head.
You are partially covered in large bone plates. (SH +4)
You regenerate a little health from kills.


Message History

(D) Dungeon
Where to? (Enter - D:3 @ (x,y), ? - help)
Found a scroll labeled DASAVE JIWNA.
There is a stone staircase leading up here.
You climb upwards.
There is a stone staircase leading down here.
You feel yourself speed up.
You recover from your berserk rage.
There is a stone staircase leading up here.
You climb upwards.
There is a stone staircase leading down here.
Unknown command.
HP restored.
There is an open door here.
You open the door.
There is an open door here.
There is an escape hatch in the floor here.
There is a staircase leading out of the dungeon here.
Are you sure you want to leave the Dungeon?
This will make you lose the game!
You have escaped!

#..#(............................
#..#...##..####'###+###.#.#......
#..######..##.'.....+.#.#.#.#.#..
#..# #...#.#######.#..........
#..# #...'....'[..('.........#
...## #..##(#####+#.#.#.#...#.#
....# #..##.+.....'.#.#.#......
....# #...###.....###.#.#.#.#.#
....# #...'.#.@>..#.'.#........
##.## #..####.....#'#.#...#.#.#
##.######..##.'.....#.#.#...###.#
............#.#######.#.#).......
#########.#......#......#...#.#.#
#.###.#######.#.......... #.#
#.#.....'.#.....#.#.#
#########.#####.###.###.....#.#(#
..................(...........#.#


There were no monsters in sight!

Vanquished Creatures
  The ghost of Alarkh the Chopper, an amateur DsBe of Trog (D:3)
  An orc priest (D:3)
  Jessica (D:2)
  Robin (D:2)
  An adder (D:2)
  4 worms
  A dart slug (D:2)
  2 orcs (D:3)
  2 bats (D:1)
  3 giant cockroaches
  13 goblins
  8 hobgoblins
  6 jackals
  A quokka (D:2)
  A ball python (D:2)
  A frilled lizard (D:3)
  8 kobolds
  9 rats
  A bush (D:1)
  A plant (D:1)
66 creatures vanquished.

Notes
Turn   | Place    | Note
-------+----------+-------------------------------------------
     0 | D:1      | Alarkh the Demonspawn Berserker began the quest for the Orb.
     0 | D:1      | Reached XP level 1. HP: 18/18 MP: 1/1
   131 | D:1      | Reached skill level 3 in Axes
   565 | D:1      | Gained mutation: You regenerate a little health from kills. [demonic ancestry]
   565 | D:1      | Reached XP level 2. HP: 22/24 MP: 2/2
  1240 | D:2      | Reached XP level 3. HP: 24/29 MP: 3/3
  1649 | D:2      | Noticed Jessica
  1663 | D:2      | Reached skill level 4 in Axes
  1720 | D:2      | Killed Jessica
  1724 | D:2      | Reached XP level 4. HP: 35/35 MP: 4/4
  1778 | D:2      | Noticed Robin
  1789 | D:2      | Killed Robin
  1789 | D:2      | Reached ** piety under Trog
  2112 | D:3      | Reached skill level 5 in Axes
  2206 | D:3      | Noticed Alarkh's ghost (amateur DsBe)
  2226 | D:3      | Killed Alarkh's ghost
  2226 | D:3      | Reached skill level 6 in Axes
  2226 | D:3      | Gained mutation: You are partially covered in large bone plates. (SH +4) [demonic ancestry]
  2226 | D:3      | Reached XP level 5. HP: 41/41 MP: 5/5
  2343 | D:3      | Gained mutation: You have a pair of small antennae on your head. [demonic ancestry]
  2343 | D:3      | Reached XP level 6. HP: 47/47 MP: 6/6
  2416 | D:$      | Got out of the dungeon alive.

Vault maps used:
D:1:      shiori_arrival_maze, serial_forest, infiniplex_forest_lined_2,
          infiniplex_forest_clump_small, infiniplex_forest_straight_3,
          infiniplex_forest_clump_small, infiniplex_forest_clump_cross,
          infiniplex_forest_clump_long, infiniplex_forest_lined_1,
          infiniplex_forest_lined_4_way
D:2:      grunt_decor_cap, uniq_jessica, uniq_robin

Skill      XL: |  1  2  3  4 |
---------------+-------------+-----
Axes           | 3 4 6 |  6.2
Fighting       | |  3.0
Armour         | |  1.7
Dodging        | |  1.7

Action                   |  1- 3 |  4- 6 || total
-------------------------+-------+-------++-------
Melee: Hand axe          |   174 |    71 ||   245
Invok: Berserk           |     4 |     5 ||     9
  Use: Scroll            |     1 |       ||     1
 Stab: Sleeping          |     1 |     1 ||     2
  Eat: Chunk             |     6 |     7 ||    13
Armor: Animal skin       |    35 |    12 ||    47
Dodge: Dodged            |    84 |    30 ||   114
Block: Other             |       |     1 ||     1
